 Dungeon Crawl Stone Soup version 0.29.0-4-gdea44cf6ec (webtiles) character file.

Game seed: 17664242213755441852

81 qw the Chopper (level 4, -2/26 HPs)
             Began as a Tengu Warper on Aug 28, 2022.
             Slain by Natasha (7 damage)
             ... on level 2 of the Dungeon.
             The game lasted 00:00:08 (1460 turns).

qw the Chopper (Tengu Warper)                       Turns: 1460, Time: 00:00:08

Health: -2/26      AC:  3    Str: 13    XL:     4   Next: 40%
Magic:  8/8        EV: 12    Int: 13    God:
Gold:   82         SH:  0    Dex: 14    Spells: 7/7 levels left

rFire   . . .      SeeInvis .   Y - +1 hand axe
rCold   . . .      Faith    .   (no shield)
rNeg    . . .      Spirit   .   b - +0 leather armour
rPois   .          Reflect  .   (helmet restricted)
rElec   .          Harm     .   (no cloak)
rCorr   .          Rampage  .   (no gloves)
Will    .....                   (boots unavailable)
Stlth   +.........              g - amulet of the acrobat
HPRegen 0.08/turn               (no ring)
MPRegen 0.11/turn               (no ring)

@: slowed, very slow
A: beak, talons 3
a: no special abilities


You were on level 2 of the Dungeon.
You visited 1 branch of the dungeon, and saw 2 of its levels.

You collected 82 gold pieces.


Innate Abilities, Weirdness & Mutations

You have a beak for a mouth.
You have claws for feet.


   Skills:
 - Level 2.0 Fighting
 + Level 5.0 Axes
 - Level 1.0 Throwing
 - Level 1.1 Armour
 - Level 2.1 Dodging
 - Level 2.0 Spellcasting
 - Level 2.4 Translocations


You had 7 spell levels left.
You didn't know any spells.
Your spell library contained the following spells:

 Spells                   Type           Power      Damage    Failure   Level
 Blink                    Tloc           14%        N/A       19%         2
 Gell's Gravitas          Tloc           7%         N/A       36%         3
 Lesser Beckoning         Tloc           7%         N/A       36%         3
 Teleport Other           Tloc           7%         N/A       36%         3
 Manifold Assault         Tloc           7%         N/A       98%         5

Inventory:

Hand Weapons
 m - a +0 mace
 Y - a +1 hand axe (weapon)
Armour
 b - a +0 leather armour (worn)
Jewellery
 e - a ring of fire
 g - an amulet of the acrobat (around neck)
Scrolls
 a - a scroll of identify
 c - a scroll of magic mapping {unknown}
Potions
 d - a potion of degeneration {unknown}
 h - a potion of might
 j - a potion of curing {unknown}
 l - a potion of ambrosia {unknown}

Dungeon Overview and Level Annotations

Branches:
Dungeon (2/15)

Altars:

Annotations:
D:2 Natasha


Message History

The magic dart hits you.
You see here the felid corpse of Natasha.
Natasha closely misses you.
You slash Natasha! You claw Natasha, but do no damage.
Natasha is heavily wounded.
Natasha claws you but does no damage.
You hit Natasha but do no damage. Your kick misses Natasha. You punch Natasha.
Natasha is severely wounded.
Natasha barely misses you. Natasha claws you.
You hit Natasha. You peck Natasha, but do no damage.
Natasha is severely wounded.
Natasha casts a spell at you. You resist with significant effort.
You barely miss Natasha. Your kick misses Natasha.
Natasha is severely wounded.
Natasha barely misses you.
You closely miss Natasha. You peck Natasha.
Natasha is almost dead.
Natasha stares at you and mumbles some strange words.
You feel yourself slow down.
You hit Natasha.
You kill Natasha!
Natasha yowls pathetically as she dies!
Your Axes skill increases to level 5!
You have reached level 4!
You feel agile.
You start resting.
Natasha, Servant of Life and Death comes into view.
1457 ||| Stepping ~*~*~tactically~*~*~ (stealth).
You start resting.
Natasha is nearby!
You catch the helpless Natasha completely off-guard!
You hit Natasha.
Natasha is lightly wounded.
Natasha closely misses you.
Natasha howls an incantation.
Natasha's front paws start to glow.
Natasha closely misses you.
You barely miss Natasha. You claw Natasha!
Natasha is heavily wounded.
Natasha claws you. Natasha claws you!
You die...

#.# #(### #.# ##...###
#.# #..#.#.### ..# ..
#..)###..## ...
###.#..#..#.### #.#
#..###...###..###
#..####.#..#..#..#..#..#
#. #...h###h..###...###.#
... #^##@#..#..#..#..#...
#...
##.#...###...###...##
#...#
##%.#..#..#..#..#.## ...#
##.####...###...#####
..###.##.#..#..#..#..#.##
#.#.## #..###...###.....
#..## #.#.#..#..#......
##.## #.....###..#####.
#...# ####.#.#.##### ##


You could see Natasha.

Vanquished Creatures
  Natasha (twice) (D:2)
  4 endoplasms (D:1)
  3 hobgoblins
  2 kobolds
  A quokka (D:1)
  3 ball pythons (D:1)
  4 frilled lizards
  5 goblins
  9 rats
33 creatures vanquished.

Notes
Turn   | Place    | Note
-------+----------+-------------------------------------------
     0 | D:1      | qw the Tengu Warper began the quest for the Orb.
     0 | D:1      | Reached XP level 1. HP: 12/12 MP: 4/4
     0 | D:1      | 0 ||| qw: Version: 0.1-a-89-g26bdef1
     0 | D:1      | 0 ||| qw: Game counter: 569
     0 | D:1      | 0 ||| qw: Always use a shield: true
     0 | D:1      | 0 ||| qw: God list: Okawaru
     0 | D:1      | 0 ||| qw: Allow faded altars: false
     0 | D:1      | 0 ||| qw: Do Orc after D:15 true
     0 | D:1      | 0 ||| qw: Do second Lair branch before Depths: true
     0 | D:1      | 0 ||| qw: Lair rune preference: random
     0 | D:1      | 0 ||| qw: Plans: Normal
     0 | D:1      | 0 ||| PLANNING D:1-11
    38 | D:1      | 38 ||| Stepping ~*~*~tactically~*~*~ (stealth).
    39 | D:1      | 39 ||| Stepping ~*~*~tactically~*~*~ (stealth).
    64 | D:1      | Reached XP level 2. HP: 17/17 MP: 6/6
    95 | D:1      | Reached skill level 3 in Axes
   700 | D:1      | Found a faded altar of an unknown god.
   980 | D:1      | Reached XP level 3. HP: 21/21 MP: 7/7
   980 | D:1      | 980 ||| DROPPING +0 club.
  1103 | D:1      | 1103 ||| UPGRADING to amulet of the acrobat.
  1108 | D:1      | 1108 ||| READING 3 scrolls labelled VITILI ONIWIWK.
  1109 | D:1      | 1109 ||| READING scroll labelled ODWORO XAUNUBEAWE.
  1110 | D:1      | 1110 ||| DRINKING 2 metallic purple potions.
  1111 | D:1      | 1111 ||| READING 2 scrolls of identify.
  1111 | D:1      | 1111 ||| IDENTIFYING brown potion
  1112 | D:1      | 1112 ||| DROPPING scroll of blinking.
  1113 | D:1      | 1113 ||| DROPPING potion of brilliance.
  1374 | D:2      | Reached skill level 4 in Axes
  1388 | D:2      | Noticed Natasha
  1389 | D:2      | 1389 ||| Stepping ~*~*~tactically~*~*~ (hiding).
  1397 | D:2      | Killed Natasha
  1441 | D:2      | Noticed Natasha
  1445 | D:2      | HP: 5/21 [Natasha (5)]
  1449 | D:2      | Killed Natasha
  1450 | D:2      | Reached skill level 5 in Axes
  1450 | D:2      | Reached XP level 4. HP: 7/26 MP: 8/8
  1455 | D:2      | Noticed Natasha
  1457 | D:2      | 1457 ||| Stepping ~*~*~tactically~*~*~ (stealth).
  1460 | D:2      | HP: 5/26 [Natasha (3)]
  1460 | D:2      | Slain by Natasha

Levels and vault maps discovered:
D:1:      tarquinn_simple_flora_water_b, layout_basic,
          shapermc_ecumenical_altar_acropolis
D:2:      layout_loops_cross, kennysheep_doodads, uniq_natasha

Skill      XL: |  1  2  3 |
---------------+----------+-----
Axes           | 3 5 |  5.0
Fighting       | |  2.0
Throwing       | |  1.0
Armour         | |  1.1
Dodging        | |  2.1
Spellcasting   | |  2.0
Translocations | |  2.4

Action                   |  1- 3 |  4- 6 || total
-------------------------+-------+-------++-------
Melee: Hand axe          |    70 |     2 ||    72
       Kick              |    13 |     1 ||    14
       Peck              |    10 |       ||    10
       Punch             |     1 |       ||     1
Throw: Boomerang         |     7 |       ||     7
  Use: Scroll            |     3 |       ||     3
       Potion            |     1 |       ||     1
 Stab: Distracted        |       |     1 ||     1
Armor: Leather armour    |     9 |       ||     9
Dodge: Dodged            |    25 |     2 ||    27

Table legend:
 A = Non-vault XP
 B = Vault XP
 C = Vault XP percentage of total XP
 D = Non-vault monster count
 E = Vault monster count
 F = Vault count percentage of total count
                 A         B        C        D         E       F
            +---------+---------+-------+---------+---------+-------
      Total |      81 |      35 |  30.2 |      32 |       1 |   3.0
            +---------+---------+-------+---------+---------+-------
        D:1 |      35 |       0 |   0.0 |      23 |       0 |   0.0
        D:2 |      46 |      35 |  43.2 |       9 |       1 |  10.0
            +---------+---------+-------+---------+---------+-------
